Map: Jagannatha LE

Players

Massa - Winner!

  • Race: Terran Terran
  • League: Platinum
  • Spawn Location: 1:00

SeCreT

  • Race: Zerg Zerg
  • League: Platinum
  • Spawn Location: 7:00

VOD

Have the link to the VOD?

Description

Time

  • Played on: Jan. 23, 2021, 11:23 a.m.
  • Length: 11:53
Show
View Real Time Build Order
Export as new Build Order

Massa Terran - Winner!

Build Orders: Banshee Rush 

Get SALT Encoding   

  12  0:00  SCV  
  13  0:12  SCV  
  14  0:20  Supply Depot  
  14  0:24  SCV  
  15  0:42  SCV  
  16  0:44  Barracks  
  16  0:46  Refinery  
  16  0:54  SCV  
  17  1:06  SCV  
  18  1:20  SCV  
  19  1:36  Orbital Command  
  19  1:42  Command Center  
  19  1:45  Barracks Reactor  
  19  2:04  Supply Depot  
  19  2:10  SCV, Factory  
  20  2:20  Marine  
  20  2:21  Marine  
  22  2:24  SCV  
  23  2:39  Marine x2  
  23  2:43  SCV  
  26  2:54  Starport  
  26  2:55  SCV  
  26  2:57  Marine x2  
  31  2:58  Hellion  
  31  3:03  Orbital Command  
  31  3:12  Refinery  
  31  3:26  Hellion x2  
  35  3:27  Barracks Tech Lab  
  35  3:31  SCV x2  
  37  3:48  Hellion x2  
  41  3:51  Banshee  
  41  3:55  Barracks Tech Lab, Cloaking Field  
  36  4:23  Marine  
  37  4:41  Marine  
  37  4:43  Banshee  
  39  4:52  SCV x2  
  39  4:55  Stimpack  
  39  4:59  Marine  
  38  5:02  Barracks  
  38  5:03  Barracks x2  
  38  5:04  SCV x2, Barracks  
  38  5:16  SCV x2  
  38  5:20  Widow Mine x2  
  44  5:28  SCV  
  45  5:51  Barracks Reactor x2, Barracks Tech Lab x2  
  45  5:57  Supply Depot x3  
  45  5:59  Supply Depot  
  45  6:05  Widow Mine  
  45  6:08  Marine  
  46  6:18  Marine  
  46  6:19  Widow Mine, Marauder  
  46  6:21  Supply Depot  
  51  6:26  Marine  
  51  6:27  Widow Mine  
  54  6:36  Marine  
  55  6:40  Marine  
  55  6:44  Marine  
  57  6:53  Widow Mine x2  
  61  6:55  Marauder  
  61  6:57  Supply Depot  
  61  6:58  Marine  
  61  7:00  Combat Shield  
  64  7:01  Concussive Shells  
  64  7:02  Marine x2  
  64  7:03  Marauder, Marine x2  
  70  7:10  Engineering Bay, Command Center  
  70  7:14  Widow Mine x2  
  70  7:15  Medivac  
  76  7:16  Marauder  
  76  7:17  Marine  
  76  7:20  Marine x3  
  76  7:21  Marine  
  82  7:24  Marauder  
  84  7:34  SCV  
  84  7:36  SCV  
  86  7:58  Supply Depot  
  86  7:59  Supply Depot  
  86  8:00  Terran Infantry Weapons Level 1  
  86  8:20  SCV x2, Marauder x2, Marine x2  
  94  8:28  Widow Mine x2  
  94  8:29  Marine  
  94  8:30  Marauder, Marine  
  94  8:32  SCV  
  103  8:38  Marine x2  
  105  8:41  Marine  
  105  8:42  Marauder  
  105  8:47  Marine x2  
  110  8:50  Widow Mine x2  
  110  8:51  Marauder  
  110  8:55  Marine  
  98  9:16  Widow Mine x2  
  84  9:31  Marauder  
  84  9:32  Marauder x2, Marine x4  
  84  9:38  Widow Mine x2  
  86  9:50  Marine x4, Medivac  
  92  9:53  Marauder x3  
  92  9:59  Widow Mine x2, SCV  
  103  10:00  SCV  
  104  10:07  Marine  
  104  10:08  Marine x3  
  104  10:10  Refinery  
  104  10:11  SCV  
  104  10:12  SCV  
  104  10:13  SCV  
  111  10:14  Marauder  
  111  10:15  Marauder x2  
  111  10:18  Missile Turret  
  117  10:22  Refinery  
  117  10:24  Missile Turret  
  117  10:32  Supply Depot x2  
  117  10:38  Planetary Fortress  
  117  10:53  Widow Mine, SCV x2, Marauder, Marine, Medivac  
  117  10:54  Marauder x2, Marine x3  
  117  10:55  Supply Depot x2  
  133  11:14  Marine x4  
  133  11:15  SCV x2, Marauder  
  109  11:20  Supply Depot  
  109  11:22  Supply Depot  
  105  11:27  SCV  
  105  11:41  SCV  
Show
View Real Time Build Order
Export as new Build Order

SeCreT Zerg 

Build Orders: Hatch First 

Get SALT Encoding   

  12  0:00  Drone  
  13  0:14  Overlord  
  13  0:18  Drone  
  14  0:32  Drone x2  
  16  0:52  Hatchery  
  16  0:57  Drone x2  
  17  1:13  Extractor  
  17  1:15  Spawning Pool  
  17  1:16  Drone  
  16  1:20  Drone  
  16  1:24  Drone  
  18  1:31  Drone  
  19  1:41  Drone  
  21  1:54  Drone  
  21  2:03  Queen x2  
  21  2:05  Zergling x2  
  21  2:07  Zergling x2  
  27  2:14  Drone  
  28  2:23  Overlord  
  28  2:43  Drone x4  
  32  2:44  Overlord  
  32  2:51  Drone  
  33  2:56  Drone  
  33  2:57  Hatchery  
  33  3:03  Overlord  
  32  3:06  Drone  
  32  3:08  Metabolic Boost  
  33  3:14  Zergling x4  
  33  3:15  Zergling x4  
  33  3:19  Drone  
  38  3:20  Drone  
  38  3:23  Drone  
  38  3:24  Drone  
  41  3:32  Queen  
  43  3:35  Drone x2  
  43  3:36  Drone  
  43  3:41  Extractor  
  45  3:44  Zergling x2  
  46  3:53  Zergling x12  
  52  3:56  Overlord  
  51  4:07  Zergling x2  
  51  4:08  Zergling x2  
  51  4:09  Zergling x2  
  50  4:13  Zergling x2  
  47  4:18  Zergling x2  
  47  4:20  Queen  
  47  4:22  Overlord  
  47  4:24  Zergling x2  
  50  4:34  Zergling x2  
  50  4:35  Zergling x14  
  56  4:43  Queen  
  56  4:44  Zergling x2  
  56  4:45  Zergling x2  
  58  4:50  Zergling x4  
  57  4:54  Extractor  
  57  4:56  Extractor  
  57  4:59  Drone  
  55  5:00  Drone x6  
  61  5:09  Roach Warren  
  60  5:15  Spawning Pool  
  60  5:16  Drone x2, Spore Crawler  
  60  5:19  Spore Crawler  
  59  5:27  Drone x5  
  59  5:45  Drone x7  
  59  5:47  Spore Crawler  
  65  5:56  Drone x5  
  53  6:31  Queen  
  55  6:37  Lair  
  55  6:45  Zergling x2  
  55  6:46  Zergling x28  
  70  6:54  Spore Crawler  
  69  6:57  Spore Crawler  
  68  7:14  Evolution Chamber  
  68  7:15  Evolution Chamber  
  66  7:16  Hatchery  
  66  7:22  Extractor, Zergling x2  
  65  7:23  Zergling x18  
  65  7:24  Overlord x3  
  65  7:26  Extractor  
  73  7:40  Overseer  
  73  7:42  Zergling x20  
  83  7:51  Baneling Nest  
  82  7:54  Zerg Ground Armor Level 1, Hydralisk Den  
  82  7:55  Drone  
  82  7:56  Drone x4  
  82  7:58  Zerg Melee Weapons Level 1  
  86  8:09  Drone  
  86  8:10  Drone x8  
  95  8:16  Zergling x2  
  95  8:18  Zergling x2  
  97  8:29  Zergling x2  
  97  8:30  Zergling x6  
  101  8:39  Zergling x2  
  101  8:40  Zergling x4  
  104  8:41  Overlord  
  104  8:42  Overlord x3  
  104  8:45  Baneling x4  
  104  8:46  Baneling x2  
  104  8:47  Baneling x4  
  104  8:48  Baneling  
  104  8:51  Centrifical Hooks  
  104  8:53  Zergling x14  
  104  8:55  Overlord  
  100  9:04  Zergling x2  
  100  9:05  Hatchery, Zergling x6  
  75  9:14  Zergling x12  
  75  9:15  Zergling x4  
  77  9:17  Baneling  
  77  9:18  Baneling x3  
  77  9:19  Zergling x2  
  77  9:23  Zergling x4  
  76  9:27  Zergling x2  
  69  9:43  Zergling x4  
  69  9:44  Zergling x8  
  74  9:49  Muscular Augments  
  74  10:01  Hatchery, Hydralisk  
  74  10:02  Hydralisk x5  
  74  10:04  Baneling  
  74  10:05  Baneling x4  
  85  10:18  Hatchery  
  85  10:21  Zergling x10  
  89  10:28  Baneling  
  89  10:29  Baneling x9  
  89  10:42  Hydralisk  
  89  10:43  Hydralisk x3  
  97  10:58  Drone x9  
  97  11:01  Extractor  
  103  11:14  Zergling x6  
  83  11:24  Zergling x2  
  83  11:25  Zergling x22  
  72  11:34  Zergling x4  
Tags
 
Matchup
TvZ
Replay Pack
Multiplayer
Spawn Locations
Cross Positions
Strategy
Banshee Rush
Add a new tag
Caveats
  • Supply blocks, unpowered buildings, or Contaminate may cause inaccurate times.
  • Supply counts are checked every 10 seconds.